 Dungeon Crawl Stone Soup version 0.16.1-7-g2c6721e (webtiles) character file.

1672652 tizzy the Ninja (level 27, 151/183 (191) HPs)
             Began as a Halfling Assassin on Mar 28, 2015.
             Was a High Priest of Dithmenos.
             Escaped with the Orb
             ... and 4 runes on Mar 29, 2015!
             The game lasted 10:39:56 (143216 turns).

tizzy the Ninja (Halfling Assassin)               Turns: 143216, Time: 10:39:56

HP:   151/183 (191) AC: 38    Str: 15    XL:     27
MP:   45/45         EV: 25    Int: 19    God:    Dithmenos [*****.]
Gold: 4421          SH: 21    Dex: 22    Spells: 14 memorised, 7 levels left

rFire  + + .     SeeInvis +     O - +8 rapier of Xeihadd {pierce, rN+}
rCold  + . .     Clarity  +     C - +8 fire dragon armour
rNeg   + + +     SustAb   .     o - +4 shield "Zewkeede" {Regen+ MP+9 Int+6}
rPois  .         Gourm    .     q - +2 helmet {Int+3}
rElec  .         Spirit   .     U - +2 cloak {MR+}
rCorr  .         Warding  .     v - +2 pair of gloves {Dex+3}
rMut   .         Stasis   .     F - +2 pair of boots {Stlth+}
MR     ++++.                    p - amulet of clarity
Stlth  ++++++....               X - ring of Law {rC+ rN++ MR+ Str+3 Dex-3}
                                B - ring of see invisible

@: very slightly contaminated, wreathed by umbra, incredibly resistant to
hostile enchantments, very stealthy
A: iridescent scales 1, clumsy 2, cold resistance 1, low mp 1, mutation
resistance 1, screaming 1, weak 1
a: Shadow Step, Shadow Form, Renounce Religion
0: Orb of Zot
}: 4/15 runes: barnacled, slimy, silver, gossamer


You escaped.
You worshipped Dithmenos.
Dithmenos was extremely pleased with you.
You were not hungry.

You visited 13 branches of the dungeon, and saw 66 of its levels.
You visited the Abyss 2 times.
You visited 1 bazaar.
You also visited: Labyrinth, Ossuary, Ice Cave and Volcano.

You collected 9039 gold pieces.
You spent 4618 gold pieces at shops.

Inventory:

Hand weapons
 l - a +5 rapier of electrocution
 I - a +2 blowgun of evasion
 O - the +8 rapier of Xeihadd (weapon) {pierce, rN+}
   (You bought it in a shop on level 4 of the Orcish Mines)

   It inflicts extra damage upon your enemies.
   It protects you from negative energy.
Missiles
 j - 5 needles of paralysis
 L - 8 tomahawks of returning (quivered)
 R - 12 poisoned needles
 Y - 3 curare-tipped needles
Armour
 o - the +4 shield "Zewkeede" (worn) {Regen+ MP+9 Int+6}
   (You bought it in a shop in a bazaar)

   It affects your intelligence (+6).
   It affects your magic capacity (+9).
   It increases your rate of regeneration.
 q - a +2 helmet of intelligence (worn)
 v - a +2 pair of gloves of dexterity (worn)
 C - a +8 fire dragon armour (worn)
 F - a +2 pair of boots of stealth (worn)
 U - a +2 cloak of magic resistance (worn)
Rods
 r - a +9 rod of inaccuracy (16/16)
   (You took it off a frost giant in an ice cave)
Jewellery
 c - an uncursed amulet of stasis
 p - an amulet of clarity (around neck)
 B - a ring of see invisible (left hand)
 J - an uncursed ring of protection from fire
 S - the ring of Equilibrium {+Inv rPois rC+ MP+9 Str-4 Stlth+}
   (You found it on level 6 of the Pits of Slime)

   [ring of magical power]

   It affects your strength (-4).
   It protects you from cold.
   It protects you from poison.
   It affects your magic capacity (+9).
   It lets you turn invisible.
   It makes you more stealthy.
 X - the ring of Law (right hand) {rC+ rN++ MR+ Str+3 Dex-3}
   (You found it on level 6 of the Pits of Slime)

   [ring of strength]

   It affects your strength (+3).
   It affects your dexterity (-3).
   It protects you from cold.
   It greatly protects you from negative energy.
   It affects your resistance to hostile enchantments.
Magical devices
 a - a wand of disintegration (3)
 d - a wand of paralysis (16)
 H - a wand of teleportation (4)
 V - a wand of digging (8)
Scrolls
 f - 4 scrolls of teleportation
 h - 16 scrolls of remove curse
 m - 6 scrolls of magic mapping
 t - a scroll of silence
 y - a scroll of enchant armour
 z - 5 scrolls of blinking
 A - 18 scrolls of identify
 G - 5 scrolls of enchant weapon
 M - 7 scrolls of fear
 P - 5 scrolls of fog
Potions
 b - 3 potions of magic
 k - 2 potions of cure mutation
 n - 2 potions of resistance
 s - 5 potions of haste
 u - 7 potions of restore abilities
 w - a potion of cancellation
 x - 11 potions of curing
 K - 6 potions of invisibility
 N - a potion of brilliance
 T - 2 potions of berserk rage
 Z - a potion of heal wounds
Miscellaneous
 e - the horn of Geryon
Comestibles
 g - 14 bread rations
 D - 4 meat rations
 Q - 18 fruits


   Skills:
 + Level 16.7 Fighting
 + Level 23.3 Short Blades
 - Level 2.6 Throwing
 + Level 11.7 Armour
 + Level 15.6 Dodging
 O Level 27 Stealth
 + Level 21.8 Shields
 * Level 11.1 Spellcasting
 + Level 9.7 Hexes
 - Level 16.3 Charms
 - Level 6.3 Translocations
 - Level 7.3 Ice Magic
 - Level 4.0 Air Magic
 - Level 11.8 Invocations
 - Level 14.4 Evocations


You had 7 spell levels left.
You knew the following spells:

 Your Spells              Type           Power        Failure   Level  Hunger
a - Sure Blade            Hex/Chrm       ######....   1%          2    None
b - Blink                 Tloc           N/A          2%          2    None
c - Confuse               Hex            #####...     1%          3    None
d - Song of Slaying       Chrm           ######..     1%          2    None
e - Control Teleport      Chrm/Tloc      ######....   1%          4    ##.....
f - Flight                Chrm/Air       #####.....   1%          3    None
g - Regeneration          Chrm/Necr      #####.....   2%          3    None
h - Haste                 Chrm           ######..     4%          6    ######.
i - Deflect Missiles      Chrm/Air       #####.....   69%         6    ######.
j - Apportation           Tloc           ####......   1%          1    None
k - Shroud of Golubria    Chrm/Tloc      ######....   1%          2    None
l - Portal Projectile     Tloc           ####..       6%          3    None
m - Ensorcelled Hibernat  Hex/Ice        #####.       1%          2    None
r - Repel Missiles        Chrm/Air       #####.       1%          2    None


Dungeon Overview and Level Annotations

Branches:
Dungeon (15/15)            Temple (1/1) D:6            Lair (8/8) D:11
 Shoals (5/5) Lair:4       Spider (5/5) Lair:5        Slime (6/6) Lair:7
    Orc (4/4) D:11            Elf (3/3) Orc:4        Vaults (5/5) D:13
  Crypt (3/3) Vaults:3       Tomb (0/3) Crypt:3      Depths (5/5) D:15
   Hell (1/1)                 Zot (5/5) Depths:5
    Dis: Hell:1         Geh: Hell:1         Coc: Hell:1         Tar: Hell:1

Altars:
Ashenzari
Cheibriados
Dithmenos
Elyvilon
Fedhas
Gozag
Kikubaaqudgha
Makhleb
Nemelex Xobeh
Okawaru
Qazlal
Ru
Sif Muna
Trog
Vehumet
Xom
Yredelemnul
Zin
The Shining One
Beogh
Jiyva

Shops:
Orc:1 :   Orc:3 (   Orc:4 [*=(   Shoals:1 :**(*   Vaults:4 *

Portals:
Hell: Depths:1 Depths:2 Depths:3 Depths:4 Depths:5
Abyss: Depths:1 Depths:2 Depths:4 Depths:5
Pandemonium: Depths:3
Ziggurat: Depths:1

Annotations:
Lair:6 exclusion: ice statue
Crypt:2 Khufu
Depths:4 Mennas


Innate Abilities, Weirdness & Mutations

You are small and have problems with some larger weapons.
You are somewhat resistant to further mutation.
You are partially covered in iridescent scales (AC +4).
You are very clumsy. (Dex -4)
Your flesh is cold resistant.
Your magical capacity is low (-10% MP).
You occasionally shout uncontrollably at your foes.
You are weak. (Str -2)


Message History

You block the sixfirhy's attack. x2
The sixfirhy misses you. You block the sixfirhy's attack.
The sixfirhy barely misses you.
You feel yourself slow down. The sixfirhy hits you! The sixfirhy shocks you!
You block the sixfirhy's attack. The sixfirhy misses you.
You block the sixfirhy's attack. x3
A goblin comes into view. It is wielding a club.
The sixfirhy completely misses you. You block the sixfirhy's attack.
The sixfirhy misses you. The sixfirhy completely misses you.
You block the sixfirhy's attack.
There is a dry fountain here.
You block the sixfirhy's attack. The sixfirhy hits you!
The sixfirhy shocks you! You block the sixfirhy's attack.
You block the sixfirhy's attack.
An Ice Fiend comes into view.
There is a staircase leading out of the dungeon here.
You block the sixfirhy's attack.
You have escaped!

.# ###......................###
.###....#.####.####.####.##...##
.##..###...##...##...##...###..#
.##.## #.⌠.##.⌠.##.⌠.##(⌠)# ##.#
.##.####...##...##...##...####.#
.##...###.####.####.####.###...#
..#.⌠.###.####.####.####.###.⌠.#
#.#............4.......1.......#
#.##.##........1@..........##.##
#.#............................#
#.#.⌠.###.####.####.####.###.⌠.#
#÷#...###.####.####.####.###...#
#.#.####...##...##...##...####.#
#.#.## #.⌠.##.⌠.##.⌠.##.⌠.# ##.#
#.#..###...##...##...##...###..#
#.##...##.####.####.####.##...##
..####......................###


You could see an Ice Fiend, a Shadow Fiend and a sixfirhy.

Vanquished Creatures
  6 orbs of fire
  7 ancient liches
  2 greater mummies
  A shard shrike (Slime:6)
  Margery (Depths:3)
  Norris (Shoals:5)
  5 curse toes
  Mara (Shoals:3)
  4 Killer Klowns
  7 golden dragons
  Geryon (Hell)
  5 caustic shrikes
  2 profane servitors
  Jory (Depths:3)
  3 bone dragons
  2 electric golems (Zot:5)
  13 tentacled monstrosities
  23 Orb Guardians (Zot:5)
  9 liches
  2 deep elf master archers (Elf:3)
  3 deep elf blademasters
  3 titans
  3 krakens
  A quicksilver dragon (Vaults:5)
  22 acid blobs
  4 tentacled starspawn (Abyss:1)
  2 tengu reavers
  8 sphinxes
  8 shadow dragons
  3 revenants
  8 azure jellies
  A storm dragon (shapeshifter) (Depths:5)
  9 storm dragons
  Roxanne (Spider:3)
  10 fire giants
  A draconian monk (Zot:5)
  Ilsuiw (Shoals:5)
  A daeva (Abyss:1)
  Donald (Shoals:4)
  19 vault wardens
  6 ghost moths
  2 draconian scorchers
  19 frost giants
  9 deep elf sorcerers
  2 orc warlords
  4 iron dragons
  Aizul (Spider:1)
  Louise (Spider:4)
  10 ghouls
  A cacodemon (Vaults:4)
  9 emperor scorpions
  A draconian zealot (Zot:5)
  12 ironheart preservers
  Jorgrun (Vaults:3)
  7 very ugly things
  A draconian annihilator (Abyss:1)
  26 stone giants
  7 rakshasas
  4 grey draconians
  A draconian caller (Zot:2)
  A draconian shifter (Zot:5)
  9 deep elf demonologists
  A green draconian (Zot:2)
  A salamander firebrand (Depths:4)
  5 vampire knights
  5 deep elf annihilators
  5 pale draconians
  Azrael (Spider:2)
  2 mottled draconians (Zot:2)
  3 white draconians
  3 black draconians
  3 dire elephants
  5 purple draconians
  11 red draconians
  20 ettins
  A green death (Abyss:1)
  An unborn (Crypt:3)
  4 minotaurs
  4 merfolk javelineers (Shoals:5)
  A fire dragon (shapeshifter) (Vaults:2)
  14 deep elf death magi
  12 eidola
  15 fire dragons
  13 jiangshi
  10 death oozes
  2 mummy priests (Crypt:2)
  Josephine (D:10)
  5 merfolk impalers
  A quicksilver dragon zombie (Crypt:3)
  2 deep elf high priests
  17 yaktaur captains
  Fannar (Orc:2)
  15 ogre magi
  31 vault guards
  19 great orbs of eyes
  Harold (Orc:2)
  19 ice dragons
  3 spriggan air magi
  2 naga warriors (Abyss:1)
  7 merfolk aquamancers
  7 death cobs
  4 satyrs
  7 hydras
  Erica (Lair:4)
  6 centaur warriors
  An alligator snapping turtle (Shoals:3)
  A catoblepas (Depths:1)
  4 death knights
  7 deep troll earth magi
  18 dancing weapons
  7 vampire magi
  11 deep troll shamans
  2 titan zombies
  An orc high priest (Orc:4)
  4 soul eaters
  10 thrashing horrors
  2 tengu warriors (D:13)
  6 spriggan berserkers
  21 death yaks
  3 sun demons
  Nergalle (D:13)
  A storm dragon zombie (Crypt:3)
  A fire crab (Vaults:1)
  34 deep elf knights
  6 wretched stars (Abyss:1)
  39 skeletal warriors
  3 salamander mystics
  10 hell knights
  2 titan skeletons (Abyss:1)
  4 iron trolls (Depths:3)
  A spatial maelstrom (Abyss:1)
  24 deep trolls
  An ice devil (Depths:4)
  11 shadow wraiths
  10 deep elf summoners
  Erolcha (D:12)
  11 flayed ghosts
  A spectral wolf spider (Crypt:1)
  A ghost moth zombie (Crypt:2)
  3 giant orange brains
  A hill giant (shapeshifter) (D:14)
  20 sea snakes
  3 unseen horrors
  An ice statue (IceCv)
  An anaconda zombie (Crypt:3)
  A shadow dragon zombie (Crypt:3)
  6 wizards
  9 ironbrand convokers
  An infernal demonspawn (Depths:3)
  7 necromancers
  20 deep elf conjurers
  18 orc knights
  6 hill giants
  20 harpies
  19 moths of wrath
  10 hornets
  A lindwurm (D:13)
  A wolf spider (shapeshifter) (Vaults:4)
  3 wolf spider zombies (Crypt:3)
  5 shining eyes
  21 orb spiders
  29 large abominations
  2 fire giant zombies (Crypt:3)
  A draconian (shapeshifter) (Vaults:2)
  23 phantasmal warriors
  48 ugly things
  A shadow dragon skeleton (Depths:5)
  An iron dragon skeleton (Crypt:2)
  16 fauns
  A shining eye (shapeshifter) (Vaults:5)
  9 sirens
  33 wolf spiders
  5 sixfirhies
  4 orc sorcerers
  7 salamanders
  A black mamba (shapeshifter) (D:15)
  13 griffons
  12 water nymphs
  11 cyclopes
  An elephant (shapeshifter) (Depths:3)
  12 manticores
  3 worldbinders (Abyss:1)
  4 rust devils
  An apocalypse crab (Abyss:1)
  2 fire giant skeletons
  3 drowned souls (Shoals:5)
  15 vault sentinels
  7 black mambas
  A guardian serpent (Abyss:1)
  2 eyes of devastation (Slime:6)
  7 elephants
  An eye of devastation (shapeshifter) (Vaults:2)
  5 torpor snails
  8 smoke demons (Abyss:1)
  2 orange demons
  19 spiny frogs
  2 catoblepas zombies
  A white draconian zombie (Depths:5)
  54 yaktaurs
  A hellion (Depths:2)
  16 komodo dragons
  3 hellwings
  A yellow draconian zombie (Crypt:2)
  10 ancient zymes (Abyss:1)
  2 kobold demonologists
  A green draconian zombie (Crypt:2)
  3 centaur skeletons
  An alligator snapping turtle skeleton (Crypt:1)
  A tormentor (Abyss:1)
  2 fire drakes
  3 guardian mummies (Crypt:2)
  An efreet (D:13)
  23 demonic crawlers
  A spriggan druid (Lair:8)
  18 freezing wraiths
  A grey draconian skeleton (Crypt:1)
  2 hydra zombies (Crypt:3)
  30 two-headed ogres
  25 merfolk
  2 harpy zombies
  2 air elementals (Depths:3)
  A wind drake (shapeshifter) (Vaults:4)
  A catoblepas skeleton (Crypt:2)
  The ghost of Chazgasm the Cleaver, an average MiBe of Trog (D:4)
  A blink frog (shapeshifter) (Elf:3)
  20 polar bears
  A silent spectre (Crypt:2)
  10 trolls
  20 deep elf priests
  24 raiju (Abyss:1)
  3 wind drakes
  23 jumping spiders
  A bog body (Crypt:2)
  12 ravens
  2 basilisks
  11 blink frogs
  An ettin zombie (Vaults:4)
  114 slime creatures
  9 snapping turtles
  A hornet zombie (D:15)
  A frost giant simulacrum (Depths:2)
  An ushabti (Crypt:3)
  2 wandering mushrooms (Lab)
  4 boulder beetles
  7 ynoxinuls (Abyss:1)
  21 trapdoor spiders
  An ettin skeleton (Crypt:2)
  An ice dragon zombie (Crypt:3)
  9 flying skulls
  A centaur simulacrum (D:15)
  16 shadows
  A fire dragon skeleton (Crypt:2)
  A black mamba zombie (Crypt:3)
  14 spriggans
  13 wraiths
  26 tarantellas
  2 human simulacra
  2 ice dragon skeletons (Crypt:2)
  A hippogriff (shapeshifter) (Vaults:4)
  68 redbacks
  A steam dragon (Lair:5)
  A basilisk (shapeshifter) (Vaults:2)
  46 deep elf magi
  20 water elementals
  3 vampires
  18 golden eyes
  A queen ant zombie (Crypt:2)
  7 neqoxecs (Abyss:1)
  8 vampire mosquitoes
  A chaos spawn (Abyss:1)
  72 yaks
  5 hungry ghosts
  2 wyverns
  4 fire elementals
  5 nagas (Lair:5)
  3 fire bats
  13 hippogriffs
  3 mottled dragons
  47 wolves
  8 wargs
  33 deep elf fighters
  An insubstantial wisp (Abyss:1)
  Menkaure (D:6)
  17 water moccasins
  9 porcupines
  A merfolk zombie (Crypt:2)
  A deep troll skeleton (Crypt:1)
  A sky beast (shapeshifter) (Depths:5)
  4 spatial vortices (Abyss:1)
  9 ice beasts
  8 raven skeletons (Crypt:3)
  23 spiders
  A swamp drake (shapeshifter) (Depths:3)
  9 hell hounds
  5 black bears
  8 eyes of draining
  A swamp dragon zombie (Crypt:2)
  A swamp drake (Zot:2)
  An elephant zombie (Crypt:2)
  58 ogres
  14 necrophages
  50 orc warriors
  A boring beetle (Lair:6)
  An eye of draining (shapeshifter) (Vaults:2)
  6 sky beasts
  10 wasps
  A snapping turtle skeleton (Abyss:1)
  A snapping turtle zombie (Crypt:3)
  3 phantoms
  A boring beetle (shapeshifter) (Depths:3)
  Sigmund (D:6)
  12 boggarts
  A salamander zombie (Crypt:2)
  23 centaurs
  16 giant frogs
  A lost soul (Crypt:3)
  2 elf zombies
  2 brain worms (Abyss:1)
  13 crocodiles
  A vine stalker skeleton (Crypt:2)
  A water moccasin zombie (Crypt:2)
  2 wyvern skeletons
  7 scorpions
  2 vampire bats (D:5)
  A water moccasin skeleton (D:5)
  16 killer bees
  6 electric eels
  26 small abominations
  8 wights
  A goliath beetle (shapeshifter) (Vaults:3)
  A yak skeleton (Crypt:1)
  13 hounds
  24 starcursed masses (Abyss:1)
  4 human zombies
  3 goliath beetles
  6 quasits
  6 crimson imps
  4 centaur zombies
  2 giant frog zombies
  20 jellies
  4 giant frog skeletons
  32 orc priests
  7 iron imps
  51 orc wizards
  11 worker ants
  8 iguanas
  40 sheep
  2 big kobold zombies (Ossuary)
  A hell rat (Elf:1)
  A dwarf zombie (Crypt:1)
  A mottled dragon zombie (Crypt:1)
  A necrophage skeleton (Crypt:2)
  2 hound skeletons
  8 mummies
  53 river rats
  37 adders
  3 gnolls (D:6)
  A swamp drake zombie (Crypt:1)
  2 shadow imps
  2 giant mites
  4 white imps
  6 worms
  12 ufetubi
  An adder zombie (D:8)
  5 giant geckos
  An ooze (D:6)
  222 orcs
  12 bats
  5 bat skeletons (D:5)
  2 bat zombies (D:5)
  27 goblins
  23 hobgoblins
  17 jackals
  17 kobolds
  7 giant cockroaches
  A giant gecko zombie (D:8)
  8 giant newts
  2 giant spores (D:13)
  A goblin zombie (Ossuary)
  13 hobgoblin zombies (Ossuary)
  A jackal zombie (Ossuary)
  6 kobold zombies
  A lurking horror (Abyss:1)
  9 orc zombies
  13 quokkas
  2 quokka skeletons
  A quokka zombie (D:5)
  22 rats
  A rat zombie (Ossuary)
  6 ballistomycetes (D:13)
  2 fungi (D:4)
  5 plants
  7 starspawn tentacles (Abyss:1)
3533 creatures vanquished.

Vanquished Creatures (collateral kills)
  Agnes (Spider:3)
  A moth of wrath (Zot:5)
  A tarantella (Spider:3)
  A killer bee (Vaults:4)
  An orc (Orc:4)
5 creatures vanquished.

Vanquished Creatures (others)
  An ancient lich (Abyss:1)
  2 eldritch tentacles (Depths:2)
  A draconian scorcher (Zot:5)
  A draconian zealot (Depths:5)
  A deep elf high priest (Depths:3)
  5 hell beasts
  2 deep elf knights
  A deep elf conjurer (Elf:3)
  12 drowned souls (Shoals:5)
  A freezing wraith (Vaults:5)
  A two-headed ogre (Volcano)
  A fire drake (Zot:2)
  A yak (IceCv)
  A redback (Spider:2)
  A deep elf mage (Elf:3)
  A wolf (IceCv)
  A large abomination (Abyss:1)
  5 deep elf fighters
  A dancing weapon (Vaults:4)
  A phantom (Depths:3)
  7 lost souls
  A centaur (Volcano)
  A killer bee (Vaults:4)
  A crimson imp (D:15)
  A starcursed mass (Abyss:1)
  An iron imp (Abyss:1)
  An orc (Orc:2)
  A goblin (Orc:2)
  A lurking horror (Abyss:1)
  182 eldritch tentacle segments (Depths:2)
  7 fungi
  11 plants
  7 starspawn tentacles (Abyss:1)
  43 starspawn tentacle segments (Abyss:1)
306 creatures vanquished.

Grand Total: 3844 creatures vanquished

Notes
Turn   | Place    | Note
--------------------------------------------------------------
     0 | D:1      | tizzy, the Halfling Assassin, began the quest for the Orb.
     0 | D:1      | Reached XP level 1. HP: 14/14 MP: 1/1
    74 | D:1      | Reached XP level 2. HP: 13/19 MP: 2/2
   173 | D:1      | You fall through a shaft!
   316 | D:2      | Reached XP level 3. HP: 18/24 MP: 3/3
   495 | D:2      | Reached skill level 5 in Stealth
   495 | D:2      | Reached XP level 4. HP: 29/29 MP: 4/4
   540 | D:2      | Reached skill level 5 in Short Blades
   936 | D:2      | Found a basalt altar of Yredelemnul.
  1099 | D:2      | Found an iron altar of Okawaru.
  1152 | D:1      | Reached XP level 5. HP: 32/34 MP: 5/5
  2184 | D:3      | Reached skill level 6 in Short Blades
  2728 | D:3      | Found a stormy altar of Qazlal.
  2771 | D:3      | Found a shattered altar of Ashenzari.
  2830 | D:3      | Reached XP level 6. HP: 39/39 MP: 6/6
  3228 | D:4      | Found a sand-covered staircase.
  3233 | Ossuary  | Entered an ossuary
  3321 | Ossuary  | Reached skill level 7 in Short Blades
  3445 | Ossuary  | Reached XP level 7. HP: 18/44 MP: 7/7
  3463 | Ossuary  | Reached skill level 8 in Short Blades
  3866 | D:4      | Noticed Chazgasm's ghost (average MiBe)
  4326 | D:4      | Found a bloodstained altar of Trog.
  4391 | D:4      | Reached skill level 9 in Short Blades
  4531 | D:4      | Killed Chazgasm's ghost
  4531 | D:4      | Reached XP level 8. HP: 31/49 MP: 8/8
  4655 | D:4      | Found a blossoming altar of Fedhas.
  4963 | D:4      | Reached skill level 10 in Short Blades
  5052 | D:5      | Entered Level 5 of the Dungeon
  5066 | D:5      | Found a burning altar of Makhleb.
  5089 | D:5      | Got a steaming leather armour
  5505 | D:5      | Found a sparkling altar of Nemelex Xobeh.
  6079 | D:5      | Reached skill level 11 in Short Blades
  6103 | D:5      | Found an ancient bone altar of Kikubaaqudgha.
  6171 | D:6      | Reached XP level 9. HP: 54/54 MP: 9/9
  6227 | D:6      | Noticed Sigmund
  6335 | D:6      | Found a shadowy altar of Dithmenos.
  6342 | D:6      | Became a worshipper of Dithmenos the Shadowed
  6850 | D:6      | Found a staircase to the Ecumenical Temple.
  6856 | Temple   | Entered the Ecumenical Temple
  6913 | D:6      | Killed Sigmund
  6913 | D:6      | Reached skill level 12 in Short Blades
  6949 | D:6      | Noticed Menkaure
  6958 | D:6      | Killed Menkaure
  7583 | D:6      | Identified the +3 leather armour of the Many Beggars {rElec rPois} (You found it on level 5 of the Dungeon)
  7890 | D:7      | Found a white marble altar of Elyvilon.
  8160 | D:7      | Reached skill level 13 in Short Blades
  8649 | D:8      | Reached XP level 10. HP: 60/60 MP: 10/10
  9064 | D:8      | Reached skill level 10 in Stealth
  9600 | D:8      | Found a deep blue altar of Sif Muna.
  9943 | D:9      | Reached skill level 1 in Armour
  9943 | D:9      | Reached skill level 1 in Invocations
 10163 | D:9      | Acquired Dithmenos' first power
 10487 | D:10     | Entered Level 10 of the Dungeon
 11537 | D:10     | Noticed a hill giant
 11562 | D:10     | Killed a hill giant
 11562 | D:10     | Reached skill level 14 in Short Blades
 11685 | D:10     | Noticed Josephine
 11715 | D:10     | Killed Josephine
 11794 | D:10     | Reached XP level 11. HP: 43/67 MP: 16/16
 12461 | D:11     | Noticed an unseen horror
 12471 | D:11     | Killed an unseen horror
 12694 | D:11     | Noticed a red ugly thing
 12697 | D:11     | Killed a red ugly thing
 13171 | D:11     | Acquired Dithmenos' second power
 13302 | D:11     | Found a staircase to the Orcish Mines.
 13389 | D:11     | Reached skill level 5 in Armour
 13389 | D:11     | Reached skill level 5 in Invocations
 13622 | D:11     | Found a staircase to the Lair.
 13770 | D:11     | Reached skill level 5 in Dodging
 14194 | D:11     | Noticed a purple ugly thing
 14213 | D:11     | Killed a purple ugly thing
 14213 | D:11     | Reached XP level 12. HP: 60/75 MP: 20/20
 14330 | D:12     | Found a frozen archway.
 14340 | IceCv    | Entered an ice cave
 15575 | IceCv    | Reached skill level 5 in Fighting
 16229 | IceCv    | Reached skill level 15 in Short Blades
 16269 | IceCv    | Acquired Dithmenos' third power
 17189 | IceCv    | Noticed a frost giant
 17333 | IceCv    | Killed a frost giant
 17333 | IceCv    | Reached XP level 13. HP: 47/83 MP: 23/23
 18093 | IceCv    | Identified a +5 rod of inaccuracy (10/10) (You took it off a frost giant in an ice cave)
 18671 | D:12     | Noticed Erolcha
 18681 | D:12     | Killed Erolcha
 19462 | Orc:1    | Entered Level 1 of the Orcish Mines
 19462 | Orc:1    | Found Klingiaf's Book Shoppe.
 19572 | Orc:1    | Found a dark tunnel.
 19578 | Volcano  | Entered a volcano
 20283 | Lair:1   | Entered Level 1 of the Lair of Beasts
 20938 | Lair:2   | Found a labyrinth entrance.
 20951 | Lab      | Entered a labyrinth
 21368 | Lab      | Noticed a minotaur
 21373 | Lab      | Killed a minotaur
 21380 | Lab      | Identified the Disquisition on Dark Aid (You found it in a labyrinth)
 21791 | Lair:2   | Learned a level 2 spell: Blink
 22665 | Lair:1   | Reached skill level 15 in Stealth
 23426 | Lair:2   | Learned a level 2 spell: Repel Missiles
 23430 | Lair:2   | Learned a level 3 spell: Flight
 23434 | Lair:2   | Learned a level 3 spell: Regeneration
 23576 | Lair:3   | Acquired Dithmenos' fourth power
 23579 | Lair:3   | Reached skill level 16 in Short Blades
 23917 | Lair:3   | Noticed a fire dragon
 23922 | Lair:3   | Killed a fire dragon
 23922 | Lair:3   | Reached XP level 14. HP: 90/90 MP: 20/25
 24694 | Lair:4   | Found a staircase to the Shoals.
 24754 | Lair:4   | Noticed Erica
 24991 | Lair:4   | Killed Erica
 25570 | Orc:1    | Found a burning altar of Makhleb.
 25941 | Orc:2    | Found an iron altar of Okawaru.
 26172 | Orc:2    | Noticed Fannar
 27240 | Orc:4    | Entered Level 4 of the Orcish Mines
 27986 | Orc:3    | Found Nenuf's Weapon Shop.
 28261 | Orc:3    | Found a roughly hewn altar of Beogh.
 28551 | Orc:2    | Killed Fannar
 28643 | Orc:2    | Noticed Harold
 28682 | Orc:2    | Killed Harold
 28682 | Orc:2    | Reached skill level 1 in Spellcasting
 29439 | Orc:3    | Noticed an orc warlord
 31870 | Orc:4    | Found a roughly hewn altar of Beogh.
 31940 | Orc:4    | Noticed an orc warlord
 33140 | Lair:5   | Found a hole to the Spider Nest.
 33964 | Lair:5   | Found a staircase to the Snake Pit.
 34703 | Lair:6   | Reached XP level 15. HP: 7/98 MP: 3/27
 36684 | Shoals:1 | Entered Level 1 of the Shoals
 36746 | Spider:1 | Entered Level 1 of the Spider Nest
 36746 | Spider:1 | Noticed Aizul
 36748 | Spider:1 | Killed Aizul
 36748 | Spider:1 | Reached skill level 17 in Short Blades
 37225 | Lair:7   | Found a staircase to the Slime Pits.
 37775 | Lair:8   | Entered Level 8 of the Lair of Beasts
 39801 | Lair:8   | Reached skill level 10 in Dodging
 40820 | Lair:5   | Upgraded the game from 0.16.1-4-g8e1b745 to 0.16.1-5-gaa23807
 41678 | D:13     | Reached skill level 1 in Charms
 41912 | D:13     | Reached XP level 16. HP: 106/106 MP: 28/28
 41921 | D:13     | Noticed Nergalle
 41924 | D:13     | Killed Nergalle
 42080 | D:13     | Found a gate to the Vaults.
 43766 | D:14     | Reached skill level 1 in Translocations
 44066 | D:15     | Entered Level 15 of the Dungeon
 45042 | D:15     | Reached skill level 1 in Shields
 45083 | D:15     | Paralysed by an ogre mage for 7 turns
 45252 | D:15     | Paralysed by an ogre mage for 3 turns
 45948 | D:15     | Reached skill level 18 in Stealth
 45971 | D:15     | Found a staircase to the Depths.
 46095 | Depths:1 | Entered Level 1 of the Depths
 46796 | Depths:1 | Noticed a lich
 48484 | Orc:4    | Killed an orc warlord
 48720 | Orc:4    | Found a staircase to the Elven Halls.
 49275 | Orc:4    | Found Nohaju's Antique Armour Shoppe.
 49361 | Orc:4    | Found Quevuz's Antique Weapon Shoppe.
 49371 | Orc:4    | Bought a brightly glowing rapier for 198 gold pieces
 49371 | Orc:4    | Bought a glowing blowgun for 55 gold pieces
 49372 | Orc:4    | Identified the +8 rapier of Xeihadd {pierce, rN+} (You bought it in a shop on level 4 of the Orcish Mines)
 49409 | Orc:4    | Found Dan Pre's Jewellery Shoppe.
 49417 | Orc:4    | Bought a cursed amulet of inaccuracy for 26 gold pieces
 49434 | Orc:4    | Bought a diamond-encrusted ring mail for 243 gold pieces
 49571 | Orc:4    | Reached skill level 5 in Translocations
 49586 | Orc:4    | Found Kleff's General Store.
 49593 | Orc:4    | Bought a scroll of identify for 34 gold pieces
 49593 | Orc:4    | Bought an uncursed ring of stealth for 297 gold pieces
 49732 | Orc:4    | Identified the +4 ring mail of Dishonour {rN++ SInv} (You bought it in a shop on level 4 of the Orcish Mines)
 50282 | Lair:8   | Reached XP level 17. HP: 113/113 MP: 29/29
 50291 | Lair:8   | Reached skill level 5 in Shields
 51512 | Spider:1 | Reached skill level 1 in Air Magic
 51857 | Spider:1 | Got a flickering iron ring
 51860 | Spider:1 | Identified the ring of Xom's Recklessness {rElec rF+ MR+ Dex-4} (You found it on level 1 of the Spider Nest)
 52654 | Spider:2 | Noticed Azrael
 52678 | Spider:2 | Killed Azrael
 55823 | Spider:2 | HP: 2/114 [disintegration (39)]
 57786 | Spider:2 | Reached skill level 19 in Stealth
 58196 | Spider:3 | Noticed Roxanne
 58778 | Spider:3 | Killed Roxanne
 58780 | Spider:3 | Identified Roxanne's Collected Works on Transmutation (You took it off Roxanne on level 3 of the Spider Nest)
 59884 | Spider:3 | Reached skill level 5 in Charms
 59936 | Spider:3 | Reached XP level 18. HP: 107/120 MP: 29/29
 60192 | Spider:4 | Noticed Louise
 60246 | Spider:4 | Reached skill level 10 in Fighting
 60506 | Spider:5 | Entered Level 5 of the Spider Nest
 60961 | Shoals:1 | Found Guink's Book Boutique.
 61035 | Shoals:1 | Found Juossi's General Store.
 61165 | Shoals:1 | Bought a cursed ring of loudness for 58 gold pieces
 61165 | Shoals:1 | Bought a potion of curing for 39 gold pieces
 61165 | Shoals:1 | Bought a scroll of enchant armour for 97 gold pieces
 61175 | Shoals:1 | Found Sapeimp's Assorted Antiques.
 61178 | Shoals:1 | Bought a scroll of fear for 73 gold pieces
 61178 | Shoals:1 | Bought a scroll of identify for 42 gold pieces
 61178 | Shoals:1 | Bought a potion of invisibility for 168 gold pieces
 61178 | Shoals:1 | Bought a scroll of teleportation for 63 gold pieces
 61178 | Shoals:1 | Bought a potion of resistance for 210 gold pieces
 61178 | Shoals:1 | Bought a scroll of identify for 42 gold pieces
 62266 | Spider:4 | Noticed Agnes
 62305 | Spider:3 | Killed Agnes
 62310 | Spider:3 | HP: 5/120 [wolf spider (10)]
 62738 | Spider:4 | Reached skill level 10 in Shields
 62960 | Spider:4 | Killed Louise
 65921 | Spider:5 | Got a gossamer rune of Zot
 66588 | Vaults:1 | Entered Level 1 of the Vaults
 67097 | Vaults:1 | Learned a level 4 spell: Control Teleport
 67566 | Vaults:1 | Reached XP level 19. HP: 127/127 MP: 30/30
 68409 | Vaults:2 | Reached skill level 20 in Stealth
 69169 | Vaults:2 | Identified a scroll of acquirement
 70431 | Vaults:2 | Found a glowing golden altar of the Shining One.
 70978 | Lair:2   | Learned a level 6 spell: Haste
 71122 | Shoals:1 | Found Dikhlaceu's Weapon Shop.
 71125 | Shoals:1 | Bought 7 curare-tipped needles for 58 gold pieces
 71633 | Shoals:1 | Found Cyad's General Store.
 71684 | Shoals:1 | Bought a scroll of blinking for 75 gold pieces
 71684 | Shoals:1 | Bought a scroll of summoning for 95 gold pieces
 71684 | Shoals:1 | Bought a scroll of identify for 20 gold pieces
 71684 | Shoals:1 | Bought a scroll of identify for 20 gold pieces
 72112 | Shoals:2 | Reached XP level 20. HP: 138/138 MP: 26/31
 72887 | Shoals:3 | Noticed Mara
 72888 | Shoals:3 | Reached skill level 21 in Stealth
 72891 | Shoals:3 | Killed Mara
 74002 | Shoals:4 | Found a flickering gateway to a bazaar.
 74012 | Bazaar   | Entered a bazaar
 74012 | Bazaar   | Found Vagogu's Food Boutique.
 74012 | Bazaar   | Found Schalei's Antique Armour Shop.
 74012 | Bazaar   | Found Shetrot's Antique Armour Boutique.
 74012 | Bazaar   | Found Shrowu's Weapon Boutique.
 74012 | Bazaar   | Found Qorid's Food Shop.
 74012 | Bazaar   | Found Phehuevo's Armour Boutique.
 74275 | Bazaar   | Bought a heavily runed shield for 171 gold pieces
 74275 | Bazaar   | Bought a jewelled helmet for 171 gold pieces
 74275 | Bazaar   | Bought a pair of heavily runed gloves for 171 gold pieces
 74291 | Bazaar   | Identified the cursed -4 helmet of Brilliance {+Fly rF+ MP+9} (You bought it in a shop in a bazaar)
 74307 | Bazaar   | Identified the +4 shield "Zewkeede" {Regen+ MP+9 Int+6} (You bought it in a shop in a bazaar)
 74317 | Bazaar   | Identified the +0 pair of gloves of Springtime {rN+++ Str-5} (You bought it in a shop in a bazaar)
 74336 | Bazaar   | Bought a jewelled troll leather armour for 400 gold pieces
 74336 | Bazaar   | Bought a glowing cloak for 90 gold pieces
 74347 | Bazaar   | Identified the -1 troll leather armour "Voahaeh" {rPois Regen+} (You bought it in a shop in a bazaar)
 74382 | Bazaar   | Bought a steaming leather armour for 126 gold pieces
 74400 | Bazaar   | Identified the +2 leather armour of Siolec {Regen+ Str+2} (You bought it in a shop in a bazaar)
 75549 | Shoals:5 | Entered Level 5 of the Shoals
 75550 | Shoals:5 | Noticed Norris
 75553 | Shoals:5 | Killed Norris
 75666 | Shoals:4 | Reached skill level 22 in Stealth
 75750 | Shoals:5 | Noticed Donald
 75845 | Shoals:4 | Killed Donald
 76233 | Shoals:5 | Noticed Ilsuiw
 76435 | Shoals:5 | Killed Ilsuiw
 77647 | Shoals:5 | Reached XP level 21. HP: 144/144 MP: 32/32
 77977 | Shoals:5 | Got a barnacled rune of Zot
 78377 | Shoals:5 | Identified a cursed +3 rod of shadows (11/11) (You found it on level 5 of the Shoals)
 79028 | Vaults:2 | Reached skill level 15 in Shields
 79232 | Vaults:2 | Reached skill level 23 in Stealth
 79372 | Vaults:3 | Found a staircase to the Crypt.
 81403 | Vaults:3 | Noticed Jorgrun
 81408 | Vaults:3 | Killed Jorgrun
 81634 | Vaults:3 | Paralysed by an ogre mage for 4 turns
 83486 | Vaults:4 | Reached skill level 5 in Spellcasting
 83781 | Vaults:4 | Reached XP level 22. HP: 138/150 MP: 32/32
 84348 | Vaults:4 | Reached skill level 24 in Stealth
 84485 | Vaults:4 | Cast into the Abyss (a deep elf demonologist)
 84784 | Abyss:1  | Got a smoking lead ring
 84795 | Abyss:1  | Identified the ring "Smeog" {+/*Tele +Blink rN+} (You found it on level 1 of the Abyss)
 84889 | Abyss:1  | Paralysed by accursed screaming for 1 turns
 84901 | Abyss:1  | Paralysed by accursed screaming for 1 turns
 85195 | Abyss:1  | Reached skill level 10 in Charms
 86311 | Abyss:1  | Paralysed by accursed screaming for 1 turns
 87377 | Abyss:1  | Found a viscous altar of Jiyva.
 88813 | Abyss:1  | Noticed an ancient lich
 88873 | Abyss:1  | Killed an ancient lich
 89323 | Abyss:1  | Reached XP level 23. HP: 105/155 MP: 34/34
 89544 | Vaults:4 | Escaped the Abyss
 90019 | Vaults:4 | Noticed an ancient lich
 90080 | Vaults:3 | Reached skill level 25 in Stealth
 90500 | Vaults:4 | Paralysed by a sphinx for 4 turns
 90502 | Vaults:4 | HP: 2/155 [yaktaur captain/bolt (23)]
 93522 | Elf:1    | Entered Level 1 of the Elven Halls
 94700 | Elf:1    | Identified the Compendium of Icy Attacks
 95240 | Elf:2    | Found a runed gate.
 95241 | Elf:2    | Found a runed gate.
 95242 | Elf:2    | Found a runed gate.
 95723 | Elf:2    | Reached XP level 24. HP: 162/162 MP: 35/35
 95966 | Elf:2    | Reached skill level 26 in Stealth
 96090 | Elf:3    | Entered Level 3 of the Elven Halls
 97033 | Elf:3    | Reached skill level 15 in Charms
 98998 | Elf:3    | Identified the Compendium of Good Luck and the Compass (You found it on level 3 of the Elven Halls)
 99501 | Slime:1  | Entered Level 1 of the Pits of Slime
100776 | Slime:6  | Entered Level 6 of the Pits of Slime
100843 | Slime:6  | Reached skill level 27 in Stealth
100971 | Slime:6  | Reached XP level 25. HP: 156/167 MP: 35/35
101057 | Slime:6  | Found a viscous altar of Jiyva.
101063 | Slime:6  | Noticed the royal jelly
103436 | Depths:1 | Found a gateway to a ziggurat.
103451 | Depths:1 | Found a one-way gate to the infinite horrors of the Abyss.
103538 | Depths:1 | Found a gateway to Hell.
103987 | Depths:1 | Found a runed door.
104432 | Depths:1 | Reached skill level 10 in Invocations
104517 | Depths:1 | Got a smoking ruby amulet
104527 | Depths:1 | Got an ebony dagger
104662 | Depths:1 | Identified the amulet of Merumoinip {Faith +Fly rPois MP-9 Str+2} (You found it on level 1 of the Depths)
104666 | Depths:1 | Identified the cursed +3 dagger of Invincibility {pierce, MR+ Int+2} (You found it on level 1 of the Depths)
104968 | Depths:1 | Killed a lich
105080 | Depths:2 | Found Potih's Food Emporium.
105973 | Lair:2   | Learned a level 2 spell: Sure Blade
105977 | Lair:2   | Learned a level 3 spell: Confuse
105980 | Lair:2   | Learned a level 2 spell: Song of Slaying
105987 | Lair:2   | Learned a level 6 spell: Deflect Missiles
106358 | Hell     | Entered the Vestibule of Hell
106358 | Hell     | Noticed Geryon
106434 | Depths:2 | Reached skill level 1 in Hexes
107945 | Depths:3 | Reached XP level 26. HP: 175/175 MP: 37/37
108007 | Depths:3 | Found a one-way gate leading to the halls of Pandemonium.
109495 | Depths:3 | Noticed Jory
110096 | Depths:3 | Reached skill level 5 in Hexes
110525 | Depths:3 | Killed Jory
110613 | Depths:3 | Upgraded the game from 0.16.1-5-gaa23807 to 0.16.1-7-g2c6721e
111860 | Depths:4 | Noticed Margery
111905 | Depths:3 | Killed Margery
112362 | Crypt:1  | Entered Level 1 of the Crypt
113551 | Crypt:1  | Reached XP level 27. HP: 83/183 MP: 38/38
113773 | Crypt:2  | Reached skill level 1 in Evocations
115047 | Crypt:2  | Noticed a greater mummy
115082 | Crypt:2  | Killed a greater mummy
115227 | Crypt:2  | Identified a +2 rod of destruction (11/11) (You found it on level 2 of the Crypt)
115233 | Crypt:2  | Noticed Khufu
115360 | Crypt:1  | Reached skill level 5 in Evocations
115567 | Crypt:3  | Entered Level 3 of the Crypt
116124 | Crypt:3  | Learned a level 1 spell: Apportation
116127 | Crypt:3  | Learned a level 2 spell: Shroud of Golubria
116131 | Crypt:3  | Learned a level 3 spell: Portal Projectile
116208 | Crypt:3  | Found a basalt altar of Yredelemnul.
116731 | Crypt:3  | Identified a -1 rod of the swarm (13/13) (You found it on level 3 of the Crypt)
117106 | Crypt:3  | Reached skill level 10 in Evocations
118456 | Crypt:3  | Noticed a greater mummy
118456 | Crypt:3  | Found a staircase to the Tomb.
118459 | Crypt:3  | Killed a greater mummy
118468 | Crypt:3  | Identified Kikubaaqudgha's Papyrus of Evil
119771 | Vaults:4 | Found Unegor's Assorted Antiques.
119779 | Vaults:4 | Bought a scroll of blinking for 240 gold pieces
119779 | Vaults:4 | Bought a scroll of vulnerability for 240 gold pieces
119779 | Vaults:4 | Bought a scroll of identify for 64 gold pieces
119779 | Vaults:4 | Bought a levitating book for 480 gold pieces
119779 | Vaults:4 | Identified Cerebov's Tome of Flames and Battle Magic (You bought it in a shop on level 4 of the Vaults)
119858 | Vaults:5 | Entered Level 5 of the Vaults
121699 | Slime:6  | Noticed a shard shrike shaped Royal Jelly
121699 | Slime:6  | the royal jelly changed into a shard shrike shaped Royal Jelly
122474 | Slime:6  | Killed a shard shrike shaped Royal Jelly
122515 | Slime:6  | Got a slimy rune of Zot
122565 | Slime:6  | Got a flickering wooden ring
122588 | Slime:6  | Got a glittering wooden ring
122591 | Slime:6  | Identified the ring of Law {rC+ rN++ MR+ Str+3 Dex-3} (You found it on level 6 of the Pits of Slime)
122592 | Slime:6  | Identified the ring "Heusim" {+Inv rPois rC- Int+7 Slay+3} (You found it on level 6 of the Pits of Slime)
122594 | Slime:6  | Identified the Guide on Transmigration (You found it on level 6 of the Pits of Slime)
122903 | Slime:6  | Got a clouded wooden ring
123101 | Lair:2   | Identified the ring of Equilibrium {+Inv rPois rC+ MP+9 Str-4 Stlth+} (You found it on level 6 of the Pits of Slime)
123393 | Depths:2 | Bought a beef jerky for 19 gold pieces
123393 | Depths:2 | Bought a meat ration for 65 gold pieces
123393 | Depths:2 | Bought a bread ration for 65 gold pieces
123393 | Depths:2 | Bought a royal jelly for 26 gold pieces
123393 | Depths:2 | Bought a meat ration for 65 gold pieces
123393 | Depths:2 | Bought a meat ration for 65 gold pieces
123393 | Depths:2 | Bought a meat ration for 65 gold pieces
123393 | Depths:2 | Bought a royal jelly for 26 gold pieces
123393 | Depths:2 | Bought a bread ration for 65 gold pieces
123393 | Depths:2 | Bought a royal jelly for 26 gold pieces
123393 | Depths:2 | Bought a meat ration for 65 gold pieces
125192 | Depths:4 | Cast into the Abyss (hell knight)
125665 | Depths:4 | Escaped the Abyss
126132 | Depths:4 | Identified the Catalogue of Shifting Ice
126212 | Depths:4 | Noticed Mennas
126577 | Depths:4 | Found a blossoming altar of Fedhas.
126964 | Depths:5 | Entered Level 5 of the Depths
127890 | Depths:5 | Found a gate to the Realm of Zot.
129283 | Zot:1    | Entered Level 1 of the Realm of Zot
129312 | Zot:1    | Noticed an orb of fire
129314 | Zot:1    | Killed an orb of fire
129637 | Depths:2 | HP: 6/176 [caustic shrike (27)]
129637 | Depths:2 | HP: 2/176 [acid (4)]
130788 | Vaults:4 | Reached skill level 15 in Fighting
132208 | Vaults:5 | Noticed an ancient lich
132710 | Vaults:5 | Identified the Volume of Toxins
132714 | Vaults:5 | Learned a level 2 spell: Ensorcelled Hibernation
133126 | Vaults:5 | Noticed an ancient lich
133153 | Vaults:5 | Killed an ancient lich
133226 | Vaults:5 | Gained mutation: You are partially covered in iridescent scales (AC +4). [potion of beneficial mutation]
133400 | Vaults:5 | Identified Shris' Incunabulum of Companions and Orientation (You found it on level 5 of the Vaults)
133595 | Vaults:5 | Got a pair of slimy gloves
133606 | Vaults:5 | Identified the +2 pair of gloves "Ingimurph" {rPois} (You found it on level 5 of the Vaults)
133650 | Vaults:5 | Got a silver rune of Zot
133657 | Vaults:5 | Identified Cigotuvi's Catalogue of Shape Shifting and the Mountains
133662 | Vaults:5 | Identified Twiad's Incunabulum of Ashen Shape Shifting
133676 | Vaults:5 | Identified Roxanne's Almanac of Transmigration and Stones (You found it on level 5 of the Vaults)
133728 | Vaults:5 | Killed an ancient lich
134670 | Hell     | Killed Geryon
135195 | Zot:2    | Reached skill level 1 in Ice Magic
135742 | Zot:5    | Entered Level 5 of the Realm of Zot
136134 | Zot:5    | Noticed an ancient lich
136138 | Zot:5    | Killed an ancient lich
136233 | Zot:5    | Noticed an orb of fire
136273 | Zot:5    | Gained mutation: Your flesh is cold resistant. [an orb of fire]
136291 | Zot:5    | Killed an orb of fire
136291 | Zot:5    | Reached skill level 5 in Ice Magic
136451 | Zot:5    | Noticed an ancient lich
136453 | Zot:5    | Killed an ancient lich
136453 | Zot:5    | Reached skill level 10 in Armour
136468 | Zot:5    | Noticed an ancient lich
136468 | Zot:5    | Noticed an orb of fire
136656 | Zot:5    | Killed an orb of fire
136708 | Zot:5    | Noticed an ancient lich
136710 | Zot:5    | Killed an ancient lich
137143 | Zot:5    | Noticed an orb of fire
137188 | Zot:5    | Gained mutation: You are weak. (Str -2) [an orb of fire]
137372 | Zot:4    | Gained mutation: You occasionally shout uncontrollably at your foes. [an orb of fire]
137418 | Zot:4    | Killed an orb of fire
137822 | Zot:5    | Killed an ancient lich
137822 | Zot:5    | Reached skill level 10 in Spellcasting
137858 | Zot:5    | Noticed an orb of fire
137985 | Zot:5    | Noticed an ancient lich
138493 | Zot:5    | Noticed an orb of fire
138547 | Zot:5    | Gained mutation: You are clumsy. (Dex -2) [an orb of fire]
140176 | Zot:2    | Reached skill level 15 in Dodging
140814 | Zot:4    | Gained mutation: You are very clumsy. (Dex -4) [an orb of fire]
140821 | Zot:4    | Gained mutation: Your magical capacity is low (-10% MP). [an orb of fire]
140850 | Zot:4    | Killed an orb of fire
141480 | Zot:5    | Killed an orb of fire
141549 | Zot:5    | Killed an ancient lich
142528 | Zot:5    | Got the Orb of Zot
143007 | D:10     | Noticed Churusk the pandemonium lord
143105 | D:3      | Noticed Ofiorph the pandemonium lord
143192 | D:1      | Noticed Lijesau the pandemonium lord
143216 | D:$      | Escaped with the Orb!

Action                   |  1- 3 |  4- 6 |  7- 9 | 10-12 | 13-15 | 16-18 | 19-21 | 22-24 | 25-27 || total
-------------------------+-------+-------+-------+-------+-------+-------+-------+-------+-------++-------
Melee: Dagger            |    88 |   298 |   524 |  1254 |  2488 |   366 |       |       |    99 ||  5117
       Short sword       |       |       |       |       |   364 |   727 |       |       |       ||  1091
       Rapier            |       |       |       |       |    30 |  2005 |  2747 |  3449 |  9287 || 17518
 Fire: Blowgun           |       |       |     9 |    58 |    26 |    56 |    19 |    36 |    44 ||   248
Throw: Tomahawk          |       |       |     1 |       |     1 |     3 |     3 |     2 |     1 ||    11
 Cast: Blink             |       |       |       |       |       |    13 |     2 |       |    13 ||    28
       Flight            |       |       |       |       |       |     2 |    18 |     3 |    15 ||    38
       Repel Missiles    |       |       |       |       |       |     2 |     5 |     6 |     4 ||    17
       Regeneration      |       |       |       |       |       |     2 |     1 |     1 |    17 ||    21
       Control Teleport  |       |       |       |       |       |       |     1 |       |       ||     1
       Haste             |       |       |       |       |       |       |       |     1 |    78 ||    79
       Sure Blade        |       |       |       |       |       |       |       |       |   181 ||   181
       Confuse           |       |       |       |       |       |       |       |       |    16 ||    16
       Song of Slaying   |       |       |       |       |       |       |       |       |     4 ||     4
       Shroud of Golubri |       |       |       |       |       |       |       |       |     3 ||     3
       Portal Projectile |       |       |       |       |       |       |       |       |     2 ||     2
       Ensorcelled Hiber |       |       |       |       |       |       |       |       |     1 ||     1
Invok: Shadow Step       |       |       |       |       |    16 |    10 |    17 |    15 |    40 ||    98
       Shadow Form       |       |       |       |       |       |     1 |       |       |     1 ||     2
 Abil: End Transformatio |       |       |       |       |       |     1 |       |       |     1 ||     2
Evoke: Wand              |       |       |     1 |     5 |    30 |    28 |     1 |     8 |    29 ||   102
       Deck              |       |       |     2 |     1 |    12 |       |       |     7 |       ||    22
       Rod               |       |       |       |       |    11 |     9 |       |       |    11 ||    31
       Stone of tremors  |       |       |       |       |       |     3 |       |     2 |     1 ||     6
       Horn of Geryon    |       |       |       |       |       |       |       |       |     3 ||     3
  Use: Potion            |       |     2 |       |    13 |     5 |     4 |     4 |    16 |    16 ||    60
       Scroll            |       |     4 |    11 |    10 |    21 |    13 |    18 |    15 |    45 ||   137
 Stab: Sleeping          |     6 |    11 |    14 |    25 |   142 |   116 |   118 |   122 |   222 ||   776
       Distracted        |       |       |     2 |     7 |    23 |    41 |    12 |    45 |    88 ||   218
       Fleeing           |       |       |       |     1 |       |       |       |       |       ||     1
       Paralysed         |       |       |       |       |     8 |     7 |       |       |     2 ||    17
       Invisible         |       |       |       |       |       |     3 |       |       |       ||     3
       Confused          |       |       |       |       |       |       |       |       |     2 ||     2
  Eat: Chunk             |       |     7 |     8 |    25 |    58 |    71 |    34 |    27 |    55 ||   285
       Meat ration       |       |       |     2 |       |     1 |     2 |       |     5 |    13 ||    23
       Beef jerky        |       |       |       |     1 |     3 |     2 |     1 |     2 |     4 ||    13
       Pizza             |       |       |       |     1 |     1 |     2 |     1 |     1 |     2 ||     8
       Fruit             |       |       |       |       |     4 |       |       |       |     4 ||     8
       Bread ration      |       |       |       |       |     1 |       |     4 |     1 |    12 ||    18
       Royal jelly       |       |       |       |       |     1 |       |       |       |     3 ||     4
